 Dungeon Crawl Stone Soup version 0.28-a0-973-ga7f8b01127 (webtiles) character file.

Game seed: 16221404704587225202

5 meatgazer the Skirmisher (level 1, 0/18 HPs)
             Began as a Demonspawn Abyssal Knight on Dec 1, 2021.
             Was a Follower of Lugonu.
             Slain by a thrashing horror (11 damage)
             ... on level 3 of the Abyss.
             The game lasted 00:00:29 (122 turns).

meatgazer the Skirmisher (Demonspawn Abyssal Knight) Turns: 122, Time: 00:00:29

Health: 0/18       AC:  3    Str: 13    XL:     1   Next: 66%
Magic:  2/2        EV: 11    Int: 11    God:    Lugonu [*.....]
Gold:   0          SH:  0    Dex: 13    Spells: 0/0 levels left

rFire   . . .      SeeInvis .   a - +1 falchion
rCold   . . .      Faith    .   (no shield)
rNeg    . . .      Spirit   .   b - +0 leather armour
rPois   .          Reflect  .   (no helmet)
rElec   .          Harm     .   (no cloak)
rCorr   .          Rampage  .   (no gloves)
Will    .....                   (no boots)
Stlth   +.........              (no amulet)
HPRegen 0.06/turn               (no ring)
MPRegen 0.08/turn               (no ring)

@: no status effects
A: no striking features
a: Renounce Religion, Depart the Abyss


You were on level 3 of the Abyss.
You worshipped Lugonu.
Lugonu was aware of your devotion.
You visited 0 branches of the dungeon, and saw 0 of its levels.
You visited the Abyss 1 time.

Inventory:

Hand Weapons
 a - a +1 falchion (weapon)
Armour
 b - a +0 leather armour (worn)
Potions
 c - a potion of curing


   Skills:
 + Level 3.2 Fighting
 + Level 1.8 Long Blades
 + Level 1.8 Armour
 + Level 0.9 Dodging
 + Level 2.5 Invocations


You couldn't memorise any spells.
You didn't know any spells.
Your spell library was empty.

Dungeon Overview and Level Annotations

Branches:
Dungeon (0/15)

Altars:


Message History

As you read the scroll labelled OPROTAIROT, it crumbles to dust.
It is a scroll of identify.
c - a potion of curing A neqoxec comes into view.
A neqoxec is nearby!
An ufetubus comes into view.
The ufetubus closely misses you. The ufetubus hits you.
The ufetubus completely misses you.
The ufetubus hits you but does no damage.
You hit the ufetubus.
The ufetubus is moderately wounded.
The ufetubus closely misses you. The ufetubus hits you.
The ufetubus barely misses you. The ufetubus misses you.
You miss the ufetubus.
The ufetubus is moderately wounded.
The ufetubus barely misses you. The ufetubus hits you. x3
You hit the ufetubus but do no damage.
The ufetubus is moderately wounded.
The ufetubus barely misses you. The ufetubus closely misses you.
You hit the ufetubus.
You kill the ufetubus!
Found a gateway leading deeper into the Abyss.
A large abomination comes into view.
There is a gateway leading deeper into the Abyss here.
You plunge deeper into the Abyss.
A starcursed mass comes into view.
A starcursed mass splits.
Found 35 gold pieces.
Found a gateway leading deeper into the Abyss.
There is a gateway leading deeper into the Abyss here.
You plunge deeper into the Abyss.
The abyssal rune of Zot can be found at this depth.
Found 51 gold pieces.
A flayed ghost coalesces out of pure chaos.
Found a blue potion.
A thrashing horror comes into view.
The thrashing horror roars!
The thrashing horror tramples you!
Ouch! That really hurt!
You die...

.### .#.#. . #
#..... !. ...#.
..$.. .. .#......
.#...# . .W......
..... .#..#ยง...
...#.#X##.#.#..#
#......@.......# .
..#........#..#...
................#
.#..#.#.....####.
#. ##...#..# ..
........#.. #
..#......###..
....#..#.. ...
...#...... #.


You could see a flayed ghost and a thrashing horror.

Vanquished Creatures
  An ufetubus (Abyss:1)
1 creature vanquished.

Notes
Turn   | Place    | Note
-------+----------+-------------------------------------------
     0 | Abyss:1  | meatgazer the Demonspawn Abyssal Knight began the quest for
                  | the Orb.
     0 | Abyss:1  | Reached XP level 1. HP: 18/18 MP: 2/2
    35 | Abyss:1  | Noticed a neqoxec
    61 | Abyss:1  | Noticed a large abomination
    93 | Abyss:2  | Noticed a starcursed mass
   120 | Abyss:3  | Noticed a flayed ghost
   120 | Abyss:3  | Noticed a thrashing horror
   122 | Abyss:3  | Slain by a thrashing horror

Illustrated notes

Levels and vault maps discovered:
Abyss:3:  base:
Temple

Action                   || total
-------------------------++-------
Melee: Falchion          ||     4
  Use: Scroll            ||     1
Armor: Leather armour    ||     1
Dodge: Dodged            ||     8

Table legend: (Time is in decaauts)
 A = Elapsed time spent in this place.
 B = Non-inter-level travel time spent in this place.
 C = Inter-level travel time spent in this place.
 D = Time resting spent in this place.
 E = Time spent auto-exploring this place.
 F = Levels seen in this place.
 G = Mean time per level.
                   A        B        C        D        E       F      G
               +--------+--------+--------+--------+--------+-----+--------+
         Total |    122 |    122 |      0 |      0 |     71 |   3 |   40.7 |
         Abyss |    122 |    122 |      0 |      0 |     71 |   3 |   40.7 |
               +--------+--------+--------+--------+--------+-----+--------+

Top non-repeatable levels by time:
 Abyss:1: 68 daAuts
 Abyss:2: 37 daAuts
 Abyss:3: 16 daAuts
